 Dungeon Crawl Stone Soup version 0.25-a0-990-g0adbbaad2a (webtiles) character file.

Game seed: 891822715966074173, levelgen mode: deterministic

80571 Pixllover the Peltast (level 15, 0/134 HPs)
             Began as a Minotaur Berserker on May 10, 2020.
             Was the Champion of Trog.
             Slain by a five-headed hydra zombie (2 damage)
             ... on level 4 of the Swamp.
             The game lasted 01:23:37 (24301 turns).

Pixllover the Peltast (Minotaur Berserker)         Turns: 24301, Time: 01:23:37

Health: 0/134      AC: 15    Str: 30    XL:     15   Next: 24%
Magic:  14/14      EV: 20    Int:  9    God:    Trog [******]
Gold:   1829       SH: 23    Dex: 12    Spells: 14/14 levels left

rFire    . . .     SeeInvis +   O - +5 morningstar of Ravage {flame, Dex+2}
rCold    x . .     Gourm    .   K - +0 tower shield
rNeg     + . .     Faith    .   w - +0 ring mail of an ice cave {rC- MR+ Int+5 SInv}
rPois    .         Spirit   .   u - +2 hat
rElec    +         Reflect  .   I - +2 cloak
rCorr    .         Harm     .   b - +0 pair of gloves
MR       +++++                  r - +0 pair of boots (curse)
Stlth    +.........             (no amulet)
HPRegen  1.32/turn              f - +4 ring of evasion
MPRegen  0.14/turn              h - ring "Asuur" {rElec rN+ MR+ Str+2}

@: lethally poisoned (0 -> 0), berserk cooldown, starving, regenerating, slowed,
very slow
A: retaliatory headbutt, horns 2, magic resistance 1, wild magic 1
a: Berserk, Trog's Hand, Brothers in Arms, Renounce Religion


You were on level 4 of the Swamp.
You worshipped Trog.
Trog was exalted by your worship.
You were starving.

You visited 3 branches of the dungeon, and saw 20 of its levels.
You also visited: Ice Cave.

You collected 1839 gold pieces.
You spent 10 gold pieces at shops.

Inventory:

Hand Weapons
 v - the +5 mace of Callousness {freeze, *Rage rF++ rC+ rN+}
   (You found it on level 6 of the Dungeon)

   It has been specially enchanted to freeze those struck by it, causing extra
   injury to most foes and up to half again as much damage against particularly
   susceptible opponents.
   It can also slow down cold-blooded creatures.
   It greatly protects you from fire.
   It protects you from cold.
   It protects you from negative energy.
   It may make you go berserk in combat.
 O - the +5 morningstar of Ravage (weapon) {flame, Dex+2}
   (You found it on level 3 of the Swamp)

   It has been specially enchanted to burn those struck by it, causing extra
   injury to most foes and up to half again as much damage against particularly
   susceptible opponents.
   It affects your dexterity (+2).
Missiles
 a - 8 boomerangs of dispersal
 m - 10 javelins (quivered)
Armour
 b - a +0 pair of gloves (worn)
 r - a cursed +0 pair of boots (worn)
 u - a +2 hat (worn)
 w - the +0 ring mail of an ice cave (worn) {rC- MR+ Int+5 SInv}
   (You found it on level 5 of the Dungeon)

   It affects your intelligence (+5).
   It makes you vulnerable to cold.
   It affects your resistance to hostile enchantments.
   It lets you see invisible.
 I - a +2 cloak (worn)
 K - a +0 tower shield (worn)
Jewellery
 f - a +4 ring of evasion (left hand)
 h - the ring "Asuur" (right hand) {rElec rN+ MR+ Str+2}
   (You acquired it on level 1 of the Lair of Beasts)

   [ring of protection from magic]

   It affects your strength (+2).
   It insulates you from electricity.
   It protects you from negative energy.
   It affects your resistance to hostile enchantments.
Wands
 p - a wand of disintegration (29)
 x - a wand of polymorph (19)
 y - a wand of enslavement (19)
 B - a wand of paralysis (10)
 H - a wand of flame (56)
Scrolls
 e - 11 scrolls of teleportation
 o - 9 scrolls of remove curse
 s - 8 scrolls of identify
 z - a scroll of blinking
 A - 3 scrolls of fear
 C - 2 scrolls of enchant armour
 D - a scroll of magic mapping
 L - a scroll of fog
Potions
 d - a potion of stabbing
 g - a potion of ambrosia
 i - 4 potions of heal wounds
 j - 5 potions of curing
 k - 2 potions of resistance
 l - 2 potions of brilliance
 n - 3 potions of flight {unknown}
 q - 2 potions of berserk rage {unknown}
 t - a potion of magic
 E - a potion of cancellation {unknown}
 F - a potion of haste
 G - a potion of lignification {unknown}
Miscellaneous
 Q - a tin of tremorstones
Comestibles
 c - 32 rations


   Skills:
 + Level 12.7 Fighting
   Level 3.6 Long Blades
 + Level 15.4 Maces & Flails
   Level 3.5 Polearms
 + Level 2.5 Throwing
 + Level 10.8 Armour
 + Level 12.1 Dodging
 + Level 3.8 Stealth
 + Level 17.2 Shields


You had 14 spell levels left.
You didn't know any spells.
Your spell library was empty.

Dungeon Overview and Level Annotations

Branches:
Dungeon (14/15)            Temple (0/1) D:5            Lair (2/6) D:11
  Swamp (4/4) Lair:2          Orc (0/2) D:12         Vaults (0/5) D:13
  IceCv (visited)
  Snake: Lair:2-4    Spider: Lair:2-4

Altars:
Gozag
Okawaru
Ru
Sif Muna
Uskayaw
Yredelemnul
The Shining One

Shops:
D:7 !   D:12 (*

Annotations:
Lair:1 exclusion: 2 oklob plants


Innate Abilities, Weirdness & Mutations

You reflexively headbutt those who attack you in melee.
You have a pair of horns on your head.
You are resistant to hostile enchantments. (MR+)
Your spells are a little harder to cast, but a little more powerful.


Message History

The five-headed hydra zombie bites you.
* * * LOW HITPOINT WARNING * * *
The five-headed hydra zombie bites you but does no damage.
Your skin crawls.
You feel resistant to hostile enchantments.
You are starving!
The alligator zombie bites you!
* * * LOW HITPOINT WARNING * * *
You block the alligator zombie's attack.
The six-headed hydra zombie bites you.
* * * LOW HITPOINT WARNING * * *
You block the six-headed hydra zombie's attack. x2
The six-headed hydra zombie bites you but does no damage.
The six-headed hydra zombie bites you.
* * * LOW HITPOINT WARNING * * *
The six-headed hydra zombie bites you.
* * * LOW HITPOINT WARNING * * *
The five-headed hydra zombie closely misses you.
The five-headed hydra zombie bites you.
You die...

♣.≈≈≈# ♣..≈≈####
...≈≈≈..###
.≈..≈≈....###
.♣..≈≈≈..°.☼##
♣♣.≈≈≈≈#..☼..###
≈..≈≈≈##≈.☼..°.##
≈.≈≈≈#######....##
..≈≈≈# ###°W@#
♣♣≈≈## ##ZZZ...≈≈≈
♣### ##Z....≈≈#
####.≈≈## .≈## ##


You could see a spectral swamp drake, a phantom, an alligator zombie, a
six-headed hydra zombie and a five-headed hydra zombie.

Vanquished Creatures
  A frost giant (IceCv)
  The ghost of Ihob the Brawler, a journeyman VSSk of Hepliaklqana (D:11)
  Josephine (D:12)
  Erolcha (D:9)
  Erica (D:9)
  11 hydras
  A ghost crab (Swamp:4)
  3 two-headed ogres
  3 death yaks (IceCv)
  A catoblepas (Lair:2)
  A shambling mangrove (Swamp:2)
  A centaur warrior (D:13)
  10 alligators
  Sonja (D:12)
  A death drake (Swamp:4)
  3 swamp dragons
  A deep elf mage (D:13)
  A manticore (D:12)
  Pikel (D:6)
  A wolf spider zombie (D:13)
  A salamander (shapeshifter) (D:13)
  7 ugly things
  3 cyclopes
  A black mamba (Lair:1)
  An ice statue (IceCv)
  8 spiny frogs
  3 gargoyles
  Maggie (D:6)
  6 komodo dragons
  2 rime drakes
  A kobold demonologist (D:9)
  A freezing wraith (D:11)
  3 swamp worm zombies (Swamp:4)
  2 trolls
  12 polar bears (IceCv)
  Grinder (D:5)
  11 hornets
  3 blink frogs (Swamp:1)
  4 tyrant leeches
  11 bog bodies
  20 slime creatures
  5 hippogriffs
  2 dream sheep (D:10)
  4 alligator zombies (Swamp:4)
  A raiju (shapeshifter) (D:13)
  64 yaks
  6 spriggans
  A shadow (Swamp:2)
  11 wraiths
  2 wyverns
  3 basilisks
  Sigmund (D:5)
  A hungry ghost (D:11)
  9 vampire mosquitoes
  Edmund (D:5)
  Menkaure (D:4)
  12 swamp worms
  An acid dragon (D:13)
  3 porcupines
  Duvessa (D:5)
  2 water moccasins
  A swamp dragon zombie (Swamp:4)
  6 swamp drakes
  An ice beast (D:8)
  An orc warrior (D:11)
  4 sky beasts
  4 phantoms
  3 black bears
  2 ogres
  2 necrophages
  23 wolves
  4 centaurs
  2 crocodiles
  An elf zombie (D:9)
  7 big kobolds
  12 bullfrogs
  2 earth elementals (D:12)
  A gnoll sergeant (D:8)
  A water moccasin zombie (D:11)
  2 wyvern zombies (D:12)
  Dowan (D:5)
  3 scorpions
  A troll zombie (D:9)
  14 wights
  7 howler monkeys
  An electric eel (Lair:2)
  3 crimson imps
  2 centaur zombies
  A quasit (D:8)
  2 bullfrog zombies
  A human zombie (D:9)
  7 hounds
  2 centaur skeletons
  7 jellies
  Crazy Yiuf (D:6)
  7 orc priests
  6 orc wizards
  2 bullfrog skeletons
  2 human skeletons (D:9)
  2 iguanas
  9 worker ants
  2 hound zombies (D:7)
  A hound skeleton (D:8)
  2 mummies (D:9)
  2 worker ant zombies
  8 adders
  8 gnolls
  3 shadow imps
  2 oozes
  An adder zombie (D:7)
  An adder skeleton (D:6)
  2 worms (D:3)
  4 dart slugs
  5 leopard geckos
  37 orcs
  8 bats
  6 giant cockroaches
  7 goblins
  5 hobgoblins
  7 jackals
  4 quokkas
  2 ball pythons
  5 frilled lizards
  2 jackal zombies
  29 kobolds
  A leopard gecko skeleton (D:7)
  10 rats
  A fungus (Swamp:4)
  2 plants (D:11)
605 creatures vanquished.

Vanquished Creatures (others)
  A slime creature (Swamp:4)
  A swamp worm (Swamp:4)
  A crimson imp (D:6)
  An orc wizard (D:13)
  An orc (D:10)
  A quokka (D:6)
  A fungus (Lair:1)
7 creatures vanquished.

Grand Total: 612 creatures vanquished

Notes
Turn   | Place    | Note
-------+----------+-------------------------------------------
     0 | D:1      | Pixllover the Minotaur Berserker began the quest for the
                  | Orb.
     0 | D:1      | Reached XP level 1. HP: 19/19 MP: 0/0
     2 | D:1      | Noticed a spriggan
     2 | D:1      | Noticed a demonspawn
     6 | D:1      | Noticed a draconian
     6 | D:1      | Noticed a centaur
     8 | D:1      | Noticed a troll
     8 | D:1      | Noticed a formicid
    10 | D:1      | Noticed a minotaur
    10 | D:1      | Noticed a halfling
    12 | D:1      | Noticed an ogre
    12 | D:1      | Noticed a merfolk
    14 | D:1      | Noticed a vampire
    14 | D:1      | Noticed a tengu
    16 | D:1      | Noticed an elf
    18 | D:1      | Noticed a dwarf
    18 | D:1      | Noticed a naga
    20 | D:1      | Noticed a vine stalker
    20 | D:1      | Noticed a demigod
    22 | D:1      | Noticed a ghoul
    24 | D:1      | Noticed a human
    24 | D:1      | Noticed a gargoyle
    26 | D:1      | Noticed an octopode
    26 | D:1      | Noticed a felid
    53 | D:1      | Reached XP level 2. HP: 11/27 MP: 1/1
   537 | D:1      | Reached ** piety under Trog
   543 | D:1      | Reached XP level 3. HP: 19/33 MP: 2/2
  1700 | D:3      | Reached XP level 4. HP: 41/41 MP: 3/3
  2116 | D:3      | Found a sacrificial altar of Ru.
  2301 | D:3      | Reached XP level 5. HP: 36/47 MP: 4/4
  2322 | D:3      | Reached skill level 5 in Maces & Flails
  2423 | D:3      | Found a glowing golden altar of the Shining One.
  2664 | D:3      | Reached *** piety under Trog
  2758 | D:3      | Reached skill level 1 in Shields
  3114 | D:4      | Noticed Menkaure
  3121 | D:4      | Killed Menkaure
  3121 | D:4      | Reached skill level 2 in Shields
  3121 | D:4      | Reached XP level 6. HP: 24/55 MP: 5/5
  3256 | D:4      | Reached skill level 5 in Fighting
  3256 | D:4      | Reached skill level 3 in Shields
  3694 | D:4      | Reached XP level 7. HP: 54/61 MP: 6/6
  3851 | D:4      | Reached skill level 1 in Polearms
  3997 | D:5      | Entered Level 5 of the Dungeon
  4020 | D:5      | Found a shimmering blue altar of Sif Muna.
  4139 | D:5      | Noticed Edmund
  4153 | D:5      | Killed Edmund
  4173 | D:5      | Noticed Grinder
  4182 | D:5      | Killed Grinder
  4182 | D:5      | Reached skill level 5 in Armour
  4182 | D:5      | Reached skill level 4 in Shields
  4192 | D:5      | Found a staircase to the Ecumenical Temple.
  4204 | D:5      | Reached XP level 8. HP: 48/69 MP: 7/7
  4319 | D:5      | Got an ichor-stained ring mail
  4332 | D:5      | Identified the +0 ring mail of an ice cave {rC- MR+ Int+5
                  | SInv} (You found it on level 5 of the Dungeon)
  4361 | D:5      | Reached skill level 1 in Long Blades
  4427 | D:5      | Reached skill level 1 in Stealth
  4520 | D:5      | Noticed Sigmund
  4533 | D:5      | Killed Sigmund
  4533 | D:5      | Reached skill level 5 in Dodging
  4540 | D:5      | Gained mutation: You are partially covered in molten
                  | scales. (AC +2) [potion of mutation]
  4540 | D:5      | Gained mutation: You are frail. (-10% HP) [potion of
                  | mutation]
  4540 | D:5      | Gained mutation: Your flesh is cold resistant. (rC+)
                  | [potion of mutation]
  4540 | D:5      | Gained mutation: You are resistant to hostile enchantments.
                  | (MR+) [potion of mutation]
  4611 | D:5      | Noticed Dowan
  4612 | D:5      | Noticed Duvessa
  4624 | D:5      | Killed Duvessa
  4629 | D:5      | Killed Dowan
  5066 | D:6      | Noticed Maggie
  5073 | D:6      | Noticed Pikel
  5085 | D:6      | Killed Maggie
  5085 | D:6      | Reached skill level 5 in Shields
  5085 | D:6      | Reached XP level 9. HP: 44/70 MP: 8/8
  5093 | D:6      | Killed Pikel
  5093 | D:6      | Reached skill level 6 in Shields
  5099 | D:6      | Reached **** piety under Trog
  5398 | D:6      | Found a runed translucent door.
  5399 | D:6      | Noticed Crazy Yiuf
  5405 | D:6      | Killed Crazy Yiuf
  5413 | D:6      | Got a dazzling mace
  5414 | D:6      | Identified the +5 mace of Callousness {freeze, *Rage rF++
                  | rC+ rN+} (You found it on level 6 of the Dungeon)
  5934 | D:7      | Found Teffynt Defi's Distillery.
  6015 | D:7      | Found a hide-covered altar of Uskayaw.
  6082 | D:7      | Found an opulent altar of Gozag.
  6227 | D:7      | Reached skill level 7 in Shields
  6454 | D:7      | Bought a potion of degeneration for 10 gold pieces
  6688 | D:8      | Reached XP level 10. HP: 77/77 MP: 9/9
  6703 | D:8      | Reached ***** piety under Trog
  6909 | D:8      | Received a gift from Trog
  6984 | D:8      | Found an opulent altar of Gozag.
  7388 | D:8      | Reached skill level 8 in Shields
  7834 | D:9      | Noticed Erica
  7844 | D:9      | Killed Erica
  7878 | D:9      | Found a basalt altar of Yredelemnul.
  7901 | D:9      | Reached skill level 10 in Maces & Flails
  8180 | D:9      | Noticed Erolcha
  8189 | D:9      | Killed Erolcha
  8189 | D:9      | Reached skill level 9 in Shields
  8219 | D:9      | Received a gift from Trog
  8219 | D:9      | Reached XP level 11. HP: 41/84 MP: 10/10
  8413 | D:9      | Found an iron altar of Okawaru.
  8773 | D:10     | Entered Level 10 of the Dungeon
  8973 | D:10     | Noticed a three-headed hydra
  8982 | D:10     | Killed a three-headed hydra
  9119 | D:10     | Found the +8 orange crystal plate armour {Archmagi, Int+3
                  | Clar}
  9472 | D:11     | Noticed a two-headed ogre
  9486 | D:11     | Killed a two-headed ogre
  9721 | D:11     | Found a runed translucent gate.
  9721 | D:11     | Found a runed translucent gate.
  9721 | D:11     | Found a runed translucent gate.
  9726 | D:11     | Noticed Ihob's ghost (journeyman VSSk)
  9872 | D:11     | Found a staircase to the Lair.
  9918 | D:11     | Reached skill level 10 in Shields
 10673 | D:12     | Noticed Sonja
 10720 | D:12     | Noticed Josephine
 10721 | D:12     | Killed Sonja
 10733 | D:12     | Killed Josephine
 10826 | D:12     | Noticed a white ugly thing
 10835 | D:12     | Killed a white ugly thing
 11415 | D:11     | Killed Ihob's ghost
 11415 | D:11     | Reached XP level 12. HP: 64/94 MP: 11/11
 11433 | D:11     | Reached skill level 11 in Shields
 11666 | D:12     | Found Caeg's Antique Weapon Emporium.
 11690 | D:12     | Noticed a two-headed ogre
 11711 | D:12     | Killed a two-headed ogre
 11891 | D:12     | Received a gift from Trog
 12135 | D:12     | Found Ynaicum's Pet Rocks.
 12322 | D:12     | Found a staircase to the Orcish Mines.
 12511 | D:12     | Noticed a two-headed ogre
 12528 | D:12     | Killed a two-headed ogre
 12584 | D:12     | Reached skill level 1 in Throwing
 12922 | D:13     | Noticed a centaur warrior
 12933 | D:13     | Killed a centaur warrior
 13031 | D:13     | Reached skill level 12 in Shields
 13141 | D:13     | Reached skill level 10 in Fighting
 13259 | D:13     | Lost mutation: Your flesh is cold resistant. (rC+) [potion
                  | of mutation]
 13259 | D:13     | Lost mutation: You are frail. (-10% HP) [potion of
                  | mutation]
 13259 | D:13     | Gained mutation: You expend magic power (3 MP) to
                  | strengthen your wands. [potion of mutation]
 13260 | D:13     | Lost mutation: You are resistant to hostile enchantments.
                  | (MR+) [potion of mutation]
 13260 | D:13     | Lost mutation: You are partially covered in molten scales.
                  | (AC +2) [potion of mutation]
 13260 | D:13     | Lost mutation: You expend magic power (3 MP) to strengthen
                  | your wands. [potion of mutation]
 13260 | D:13     | Gained mutation: You have sharp toenails. [potion of
                  | mutation]
 13260 | D:13     | Gained mutation: Your natural rate of healing is unusually
                  | fast. [potion of mutation]
 13261 | D:13     | Lost mutation: You have sharp toenails. [potion of
                  | mutation]
 13261 | D:13     | Lost mutation: Your natural rate of healing is unusually
                  | fast. [potion of mutation]
 13261 | D:13     | Gained mutation: Your spells are a little harder to cast,
                  | but a little more powerful. [potion of mutation]
 13261 | D:13     | Gained mutation: You are resistant to hostile enchantments.
                  | (MR+) [potion of mutation]
 13831 | D:13     | Noticed a four-headed hydra
 13839 | D:13     | Killed a four-headed hydra
 13848 | D:13     | Reached skill level 10 in Dodging
 13848 | D:13     | Reached XP level 13. HP: 97/113 MP: 12/12
 13857 | D:13     | Found a gate to the Vaults.
 14146 | Lair:1   | Entered Level 1 of the Lair of Beasts
 14332 | Lair:1   | Reached skill level 13 in Shields
 14623 | Lair:1   | Found a frozen archway.
 14636 | IceCv    | Entered an ice cave
 14921 | IceCv    | Reached ****** piety under Trog
 15044 | IceCv    | Reached skill level 14 in Shields
 15095 | IceCv    | Received a gift from Trog
 15187 | IceCv    | Noticed a frost giant
 15202 | IceCv    | Killed a frost giant
 15237 | IceCv    | Got a warped steel ring
 15526 | Lair:1   | Identified a scroll of acquirement
 15526 | Lair:1   | Identified the ring "Asuur" {rElec rN+ MR+ Str+2} (You
                  | acquired it on level 1 of the Lair of Beasts)
 15544 | Lair:1   | Identified the ring "Nyusapoo" {rN+ MP+9} (You found it in
                  | an ice cave)
 16515 | Lair:2   | Found a staircase to the Swamp.
 16774 | Lair:2   | Reached XP level 14. HP: 120/124 MP: 13/13
 16885 | Lair:2   | Reached skill level 10 in Armour
 17365 | Lair:2   | Reached skill level 15 in Shields
 18028 | Swamp:1  | Entered Level 1 of the Swamp
 18539 | Swamp:1  | Received a gift from Trog
 19336 | Swamp:1  | Paralysed by a hornet for 1 turns
 19656 | Swamp:2  | Reached skill level 15 in Maces & Flails
 20237 | Swamp:2  | Reached skill level 16 in Shields
 22438 | Swamp:3  | Got a polished morningstar
 22439 | Swamp:3  | Identified the +5 morningstar of Ravage {flame, Dex+2} (You
                  | found it on level 3 of the Swamp)
 22573 | Swamp:4  | Entered Level 4 of the Swamp
 22632 | Swamp:4  | Reached XP level 15. HP: 81/134 MP: 14/14
 22886 | Swamp:4  | Received a gift from Trog
 23251 | Swamp:4  | Reached skill level 17 in Shields
 24301 | Swamp:4  | HP: 6/134 [alligator zombie (15)]
 24301 | Swamp:4  | HP: 2/134 [six-headed hydra zombie (1)]
 24301 | Swamp:4  | Slain by a five-headed hydra zombie

Illustrated notes

Levels and vault maps discovered:
D:1:      kb_arrival_jail, layout_rooms
D:2:      layout_basic
D:3:      layout_loops_corners, lemuel_round_altar,
          nicolae_ru_sacrificial_ziggurat, chequers_garden, kennysheep_boxes
D:4:      layout_loops_ring, uniq_menkaure
D:5:      layout_loops_cross, lemuel_round_altar, minmay_temple_entry_waves,
          first_ration, minmay_fountain_box, minmay_increasing_density,
          uniq_duvessa, uniq_sigmund, uniq_grinder, uniq_edmund
D:6:      layout_rooms, uniq_maggie, uniq_pikel, uniq_crazy_yiuf_cottage
D:7:      layout_basic, eat_drink_and_be_merry_uskayaw, marbit_many_paths,
          serial_shops, shop
D:8:      cheibrodos_barr_body, layout_basic, nicolae_gozag_seed_capital
D:9:      layout_basic, overflow_temple_1_default,
          lemuel_mausoleum_altar_yredelemnul, uniq_erica, uniq_erolcha
D:10:     layout_basic, hangedman_ranch [blue_anna_fruit_fields]
D:11:     layout_irregular_city, dpeg_oklobed_lair, gammafunk_ghost_spectres
D:12:     layout_basic, orc_0_dummy, serial_shops, shop, gauntlet_entry_generic,
          guppyfry_shop_earth, uniq_sonja, uniq_josephine
D:13:     layout_roguey, david_vaults_4
D:14:     layout_cave_pools, nicolae_lava_and_water, serial_column_ruins,
          column_ruins_columns_straight, column_ruins_open_medium,
          column_ruins_columns_water, column_ruins_grid_1,
          column_ruins_columns_straight, column_ruins_columns_straight
Lair:1:   dpeg_oklob_gauntlet, layout_cellular_growth,
          portal_ice_cave_entry_pillars_1, beast_lair_carwin_3,
          grunt_megastairs_5, infiniplex_staircase_pool, serial_bayou_shore_b
Lair:2:   layout_layer_cave, nicolae_swamp_entry_splash_gauntlet,
          lemuel_fruit_fields, grunt_megastairs_1
Swamp:1:  layout_falls_marsh, evilmike_swamp_ruin_house_4
Swamp:2:  layout_falls_marsh, evilmike_swamp_ruin_house_6,
          infiniplex_staircase_pool_2
Swamp:3:  layout_falls_marsh, evilmike_swamp_ruin_house_5
Swamp:4:  swamp_pestilence, layout_basic_swamp, swamp_pool4,
          nicolae_swamp_fairy_circle

Skill      XL: |  1  2  3  4  5  6  7  8  9 10 11 12 13 14 15 |
---------------+----------------------------------------------+-----
Fighting       | 4 5 6 7 8 9 10 11 12 | 12.7
Maces & Flails | 4 5 6 8 10 12 13 14 15 | 15.4
Dodging        | 3 4 5 7 8 9 10 11 12 | 12.1
Armour         | 3 4 5 6 7 8 9 10 | 10.8
Shields        | 2 3 4 5 7 9 10 12 14 16 17 | 17.2
Polearms       | 2 3 |  3.5
Long Blades    | 3 |  3.6
Stealth        | 1 2 3 |  3.8
Throwing       | 2 |  2.5

Action                   |  1- 3 |  4- 6 |  7- 9 | 10-12 | 13-15 || total
-------------------------+-------+-------+-------+-------+-------++-------
Melee: Mace              |    90 |    79 |    88 |   716 |   846 ||  1819
       Headbutt          |    13 |    25 |    60 |   179 |   258 ||   535
       Spear             |       |    47 |    23 |       |       ||    70
       Falchion          |       |       |    68 |       |       ||    68
       Flail             |       |       |    36 |       |       ||    36
       Morningstar       |       |       |       |       |   166 ||   166
Throw: Javelin           |       |       |       |    24 |     9 ||    33
Invok: Berserk           |     1 |     1 |     1 |     2 |     5 ||    10
       Trog's Hand       |       |       |       |       |     1 ||     1
Evoke: Tin of tremorston |       |       |       |       |     1 ||     1
  Use: Scroll            |     6 |       |     8 |     2 |    13 ||    29
       Potion            |       |     1 |     4 |     5 |     9 ||    19
 Stab: Confused          |       |       |       |       |     2 ||     2
       Petrifying        |       |       |       |       |     1 ||     1
  Eat: Chunk             |     3 |     7 |    11 |    14 |    28 ||    63
       Ration            |       |       |       |     4 |     3 ||     7
Armor: Animal skin       |    10 |       |       |       |       ||    10
       Leather armour    |    31 |     4 |       |       |       ||    35
       Ring mail         |       |    12 |    52 |   140 |   176 ||   380
Dodge: Dodged            |    78 |    72 |   148 |   398 |   483 ||  1179
Block: Kite shield       |    20 |    54 |   133 |   394 |       ||   601
       Tower shield      |       |       |       |    98 |  1035 ||  1133
       Rpst.: Falchion   |       |       |    17 |       |       ||    17

Table legend:
 A = Non-vault XP
 B = Vault XP
 C = Vault XP percentage of total XP
 D = Non-vault monster count
 E = Vault monster count
 F = Vault count percentage of total count
                 A         B        C        D         E       F
            +---------+---------+-------+---------+---------+-------
      Total |   76119 |   38983 |  33.9 |     450 |     154 |  25.5
            +---------+---------+-------+---------+---------+-------
        D:1 |      57 |       0 |   0.0 |      28 |       0 |   0.0
        D:2 |      39 |       0 |   0.0 |      17 |       0 |   0.0
        D:3 |     135 |       0 |   0.0 |      29 |       0 |   0.0
        D:4 |     459 |     169 |  26.9 |      10 |       1 |   9.1
        D:5 |     490 |    1013 |  67.4 |      16 |      10 |  38.5
        D:6 |     402 |    1032 |  72.0 |      16 |       3 |  15.8
        D:7 |    1453 |       0 |   0.0 |      24 |       0 |   0.0
        D:8 |    1815 |     471 |  20.6 |      36 |      12 |  25.0
        D:9 |     893 |    2912 |  76.5 |       9 |      14 |  60.9
       D:10 |     790 |    2163 |  73.2 |       9 |       8 |  47.1
       D:11 |    2959 |    2068 |  41.1 |      31 |       5 |  13.9
       D:12 |    6532 |    3503 |  34.9 |      40 |      10 |  20.0
       D:13 |    7219 |    2046 |  22.1 |      35 |       4 |  10.3
     Lair:1 |    7485 |    2476 |  24.9 |      27 |      11 |  28.9
     Lair:2 |    4137 |    2320 |  35.9 |      19 |       8 |  29.6
    Swamp:1 |   11608 |       0 |   0.0 |      25 |       0 |   0.0
    Swamp:2 |   14740 |       0 |   0.0 |      35 |       0 |   0.0
    Swamp:3 |    4771 |       0 |   0.0 |      13 |       0 |   0.0
    Swamp:4 |   10135 |    3790 |  27.2 |      31 |      12 |  27.9
      IceCv |       0 |   15020 | 100.0 |       0 |      56 | 100.0
            +---------+---------+-------+---------+---------+-------
